[Event "Titled Tuesday Blitz June 28 Late 2022"]
[White "Simonovic, Miroslav"]
[Black "Silva, Miguel Antonio Neto"]
[WhiteFideId "919152"]
[BlackFideId "1911929"]
[WhiteElo "2043"]
[BlackElo "2204"]
[Result "1-0"]
[Round "10"]
[TimeControl "180+1"]
[Date "2022.06.29"]
[WhiteClock "0:00:06"]
[BlackClock "0:00:12"]

1. d4 Nf6 2. Bg5 c5 3. Bxf6 gxf6 4. c3 d5 5. e3 Nc6 6. Nd2 Bf5 7. dxc5 e5 8. h4 Bxc5 9. g4 Be6 10. Nb3 Be7 11. Bg2 Rg8 12. f3 a5 13. a4 Qb6 14. Kf2 d4 15. Nxd4 exd4 16. cxd4 Qxb2+ 17. Ne2 Bc4 18. Rb1 Qxe2+ 19. Qxe2 Bxe2 20. Kxe2 Bb4 21. Rbc1 Rd8 22. f4 Ke7 23. g5 Kd6 24. Be4 Rge8 25. Kf3 f5 26. Bxf5 Bd2 27. Rcd1 Bxe3 28. Bxh7 Nxd4+ 29. Kg4 Rh8 30. Be4 Rde8 31. Bxb7 f5+ 32. Kg3 Rb8 33. Rhe1 Rhe8 34. Bg2 Rb3 35. Kh2 Bxf4+ 36. Kh1 Rxe1+ 37. Rxe1 Bg3 38. Rd1 Ke5 39. h5 f4 40. h6 f3 41. h7 fxg2+ 42. Kxg2 Rb2+ 43. Kxg3 Nf5+ 44. Kg4 Rg2+ 45. Kf3 Rh2 46. Re1+ Kd5 47. Kg4 Ng7 48. g6 Kc4 49. Re7 Nh5 50. h8=Q Nf6+ 51. Qxf6 Rg2+ 52. Kf3 Rc2 53. Qe6+ Kd3 54. Qe5 Rc3 55. Qe4+ Kd2+ 56. Kf4 Rd3 57. Qxd3+ Kxd3 58. g7 1-0


[Site "https://www.chess.com"]

[Event "Titled Tuesday Blitz June 28 Late 2022"]
[White "Souleidis, Georgios"]
[Black "Diaz, Fernando"]
[WhiteFideId "4206827"]
[BlackFideId "3701255"]
[WhiteElo "2401"]
[BlackElo "1934"]
[Result "1-0"]
[Round "10"]
[TimeControl "180+1"]
[Date "2022.06.29"]
[WhiteClock "0:00:05"]
[BlackClock "0:00:07"]

1. e4 e6 2. d4 d5 3. exd5 exd5 4. Nf3 c6 5. c4 Bd6 6. c5 Bc7 7. Bd3 Ne7 8. Qc2 g6 9. Bh6 Bf5 10. Bg7 Rg8 11. Bf6 Bxd3 12. Qxd3 Nd7 13. Bh4 Bf4 14. O-O Qc7 15. Re1 f6 16. Nc3 Kf7 17. Re2 Rae8 18. Rae1 Nf5 19. Bg3 Nxg3 20. hxg3 Bh6 21. b4 a6 22. a4 Bg7 23. Re3 Bh6 24. R3e2 Bg7 25. Nh2 f5 26. Nf3 Bf6 27. Qd2 Qd8 28. Qh6 Rxe2 29. Rxe2 Rg7 30. Qd2 Kg8 31. b5 axb5 32. axb5 Re7 33. b6 Qe8 34. Kf1 Nf8 35. Rxe7 Qxe7 36. Qe3 Qxe3 37. fxe3 Ne6 38. Ke2 Kf7 39. Kd3 Ke7 40. Nd2 Kd7 41. Nb3 Ng5 42. Na5 Kc8 43. Ke2 Ne6 44. Nb3 Kd7 45. Kd3 Nd8 46. Ne2 g5 47. Ng1 Nf7 48. Na5 Kc8 49. Ne2 h6 50. Nc3 Nd8 51. Ne2 Ne6 52. Nb3 Kd7 53. Nd2 Be7 54. Nf3 Nxc5+ 55. dxc5 Bxc5 56. Ned4 Bxb6 57. Nxf5 g4 58. N3h4 Bc7 59. Nxh6 Bxg3 60. N4f5 Be5 61. Nxg4 Ba1 62. Nd4 Kd6 63. Nf2 c5 64. Nc2 c4+ 65. Kd2 Bh8 66. g4 b5 67. Nh3 Kc5 68. Nf4 b4 69. Ne6+ Kb5 70. Ned4+ Kc5 71. g5 c3+ 72. Kd3 Bg7 73. g6 Kd6 74. Nxb4 Ke5 75. Kxc3 Kf6 76. Nxd5+ Kxg6 77. Kd3 Kf7 78. Ke4 Bh6 79. Nf4 Bf8 80. Kd5 Ba3 81. e4 Bc1 82. Nd3 Be3 83. e5 Bg5 84. e6+ Ke8 85. Nc6 Bh4 86. Nde5 Kf8 87. Nd7+ Ke8 88. Ke5 Bg3+ 89. Kf5 Bh4 90. Nf6+ Kf8 91. e7+ Kg7 92. e8=Q Bxf6 93. Qg6+ Kf8 94. Qxf6+ Kg8 95. Qe7 Kh8 96. Kg6 1-0


[Site "https://www.chess.com"]

[Event "Titled Tuesday Blitz June 28 Late 2022"]
[White "Thiel, Thomas"]
[Black "Isajevsky, Anton"]
[WhiteFideId "4615964"]
[BlackFideId "4142500"]
[WhiteElo "2253"]
[BlackElo "2510"]
[Result "0-1"]
[Round "10"]
[TimeControl "180+1"]
[Date "2022.06.29"]
[WhiteClock "0:00:51"]
[BlackClock "0:00:31"]

1. e4 d6 2. Nc3 Nf6 3. d4 g6 4. Nf3 Bg7 5. Bc4 O-O 6. Qe2 c6 7. e5 Nd5 8. Bd2 Na6 9. O-O-O Nac7 10. h4 h5 11. Ng5 Ne6 12. Be3 Nxc3 13. bxc3 d5 14. Bd3 Qa5 15. Nxe6 Bxe6 16. Kd2 c5 17. f3 c4 18. g4 cxd3 19. Qxd3 Rfc8 20. Rdg1 Rc6 21. Kd1 Rxc3 22. Qd2 Qa3 23. Ke2 Rac8 0-1


[Site "https://www.chess.com"]

[Event "Titled Tuesday Blitz June 28 Late 2022"]
[White "Tinmaz, Kerem"]
[Black "Florescu, Codrut-Constantin"]
[WhiteFideId "44559151"]
[BlackFideId "1202200"]
[WhiteElo "1443"]
[BlackElo "2191"]
[Result "0-1"]
[Round "10"]
[TimeControl "180+1"]
[Date "2022.06.29"]
[WhiteClock "0:00:01"]
[BlackClock "0:00:20"]

1. e4 c5 2. Nc3 e6 3. g3 d5 4. exd5 exd5 5. d4 Nf6 6. Bg2 cxd4 7. Qxd4 Nc6 8. Qa4 Bc5 9. Bg5 O-O 10. Nxd5 Qe8+ 11. Ne3 Ng4 12. Qf4 h6 13. Bh4 Bxe3 14. fxe3 Nxe3 15. Kf2 Nxg2 16. Kxg2 Be6 17. Nf3 Bd5 18. Rhe1 Qc8 19. Rad1 Be6 20. h3 Bxh3+ 21. Kh2 Bg4 22. Be7 Nxe7 23. Rxe7 Bxf3 24. Qxf3 Qxc2+ 25. Kh1 Qxb2 26. Rf1 Qxa2 27. Qxb7 Rab8 28. Qxa7 Qd5+ 29. Kh2 Rb2+ 30. Rf2 Qh5+ 31. Kg2 Rb1 32. Rf1 Qd5+ 33. Kg1 Rxf1+ 34. Kxf1 Rc8 35. Kf2 Rc2+ 36. Re2 Qf5+ 37. Ke1 Rc1+ 38. Kd2 Qc2+ 39. Ke3 Qc5+ 40. Qxc5 Rxc5 41. Kf3 Rf5+ 42. Kg2 g6 43. Re8+ Kg7 44. Ra8 h5 45. Ra7 Kh6 46. Ra6 Kg5 47. Ra7 f6 48. Ra4 Rc5 49. Rb4 f5 50. Rb6 Rc2+ 51. Kf3 Rc3+ 52. Kg2 Rc4 53. Ra6 h4 54. gxh4+ Rxh4 55. Rb6 Ra4 56. Rc6 f4 57. Kf3 Ra3+ 58. Kg2 Kf5 59. Rc5+ Kg4 60. Rc6 g5 61. Rc5 Ra2+ 62. Kg1 Kg3 63. Rxg5+ Kf3 64. Rb5 Ra1+ 65. Kh2 Ra2+ 66. Kg1 Re2 67. Rb3+ Re3 68. Rb2 Re1+ 69. Kh2 Re2+ 70. Rxe2 Kxe2 71. Kg1 f3 0-1


[Site "https://www.chess.com"]

[Event "Titled Tuesday Blitz June 28 Late 2022"]
[White "Tologon tegin, Semetei"]
[Black "Diaz Rosas, Julio Cesar"]
[WhiteFideId "13800574"]
[BlackFideId "5105099"]
[WhiteElo "2174"]
[BlackElo "2278"]
[Result "1-0"]
[Round "10"]
[TimeControl "180+1"]
[Date "2022.06.28"]
[WhiteClock "0:00:09"]
[BlackClock "0:00:02"]

1. Nf3 d5 2. g3 e6 3. Bg2 Nf6 4. O-O Be7 5. b3 O-O 6. Bb2 a5 7. a4 c5 8. d3 Nc6 9. Nbd2 d4 10. Nc4 Nd5 11. e3 Bf6 12. exd4 cxd4 13. Re1 Nc3 14. Bxc3 dxc3 15. Nfe5 Nxe5 16. Nxe5 Qc7 17. Qe2 Rb8 18. Rad1 b6 19. d4 Bb7 20. Bxb7 Rxb7 21. Rd3 Rd8 22. Qf3 b5 23. Rxc3 Qb6 24. axb5 Qxb5 25. Nc6 Re8 26. Rc5 Qb6 27. c3 Rc7 28. Ra1 Rec8 29. Nxa5 Rxc5 30. dxc5 Qxc5 31. Nc4 h6 32. Ra8 Kh7 33. Qe4+ g6 34. Rxc8 Qxc8 35. Qf3 Kg7 36. Nd6 Qb8 37. Ne4 Be5 38. c4 Qb4 39. Qd3 g5 40. h3 Qb6 41. Kg2 Qa5 42. Nd2 Qa2 43. Nf3 Bf6 44. b4 Qb2 45. b5 Kg8 46. c5 Be7 47. Qc4 e5 48. c6 Bd6 49. c7 Bxc7 50. Qxc7 Qxb5 51. Qxe5 Qc6 52. Qf5 Kg7 53. Qd3 Qb7 54. Kh2 Kg8 55. Ne5 Qc7 56. Qf5 Kg7 57. Ng4 Qc6 58. Qe5+ Kg8 59. Nf6+ Kf8 60. Nh7+ Kg8 61. Nf6+ Kf8 62. Nd5 Qa6 63. Qh8# 1-0


[Site "https://www.chess.com"]

[Event "Titled Tuesday Blitz June 28 Late 2022"]
[White "Toncheva, Nadya"]
[Black "Hoffmann, Asa"]
[WhiteFideId "2924056"]
[BlackFideId "2001470"]
[WhiteElo "1888"]
[BlackElo "2117"]
[Result "0-1"]
[Round "10"]
[TimeControl "180+1"]
[Date "2022.06.29"]
[WhiteClock "0:00:04"]
[BlackClock "0:01:20"]

1. e4 d6 2. d4 Nf6 3. Nc3 c6 4. a4 Qa5 5. Bd3 e5 6. Nf3 Bg4 7. Be3 Nbd7 8. O-O Be7 9. Rb1 O-O 10. b4 Qc7 11. h3 Bh5 12. Rb3 Rfe8 13. g4 Bg6 14. Nh4 Bxe4 15. Nxe4 Nxe4 16. Bxe4 Bxh4 17. g5 d5 18. Bxh7+ Kxh7 19. Qh5+ Kg8 20. Qxh4 exd4 21. Bxd4 Re4 22. Qh5 Rxd4 23. Rg3 g6 24. Qh6 Qe5 25. c3 Re4 26. Kg2 Qg7 27. Rd3 Rae8 28. f3 Re2+ 29. Kg1 Qxh6 30. gxh6 Kh7 31. f4 Kxh6 32. f5 g5 33. h4 g4 34. Rd4 Nf6 35. c4 R8e4 36. Rxe4 Rxe4 37. cxd5 cxd5 38. b5 Kh5 39. Rc1 Kxh4 40. Rc7 g3 41. Rxf7 Ng4 42. Rh7+ Kg5 43. f6 Nxf6 44. Rxb7 Re2 45. Rxa7 Ne4 46. Rg7+ Kf4 47. Rf7+ Ke3 48. b6 Nd2 49. b7 Nf3+ 50. Kf1 Rf2# 0-1


[Site "https://www.chess.com"]

[Event "Titled Tuesday Blitz June 28 Late 2022"]
[White "Voege, Tobias"]
[Black "Kaganskiy, Gleb"]
[WhiteFideId "1270513"]
[BlackFideId "4132025"]
[WhiteElo "2379"]
[BlackElo "2165"]
[Result "1/2-1/2"]
[Round "10"]
[TimeControl "180+1"]
[Date "2022.06.29"]
[WhiteClock "0:00:05"]
[BlackClock "0:00:05"]

1. e4 g6 2. Nf3 c5 3. d4 cxd4 4. c3 d5 5. exd5 Qxd5 6. cxd4 Bg7 7. Nc3 Qd8 8. Bc4 Nf6 9. O-O O-O 10. Re1 Bg4 11. Be3 Nc6 12. d5 Ne5 13. Be2 Nxf3+ 14. Bxf3 Bxf3 15. Qxf3 Nd7 16. Rad1 Rc8 17. Bd4 Bxd4 18. Rxd4 Nf6 19. Red1 Ne8 20. h4 Nd6 21. h5 Qd7 22. hxg6 fxg6 23. Qe2 Rf7 24. Re1 Rcf8 25. Qe6 Qxe6 26. dxe6 Rf4 27. Rxf4 Rxf4 28. Nd5 Re4 29. Nxe7+ Kf8 30. Rxe4 Nxe4 31. Nd5 Nc5 32. e7+ Ke8 33. g4 Nd3 34. b4 Ne5 35. f3 Nxf3+ 36. Kf2 Ne5 37. Kg3 Nc6 38. a3 Nxe7 39. Nf6+ Kf7 40. Nxh7 Nd5 41. Kf3 Nb6 42. Ng5+ Ke7 43. Ne4 Nc4 44. a4 b6 45. Kf4 Nb2 46. Nc3 Kf6 47. b5 g5+ 48. Ke4 Ke6 49. Nd5 Nxa4 50. Kd4 Nc5 51. Nb4 Nb3+ 52. Ke4 Nc5+ 53. Kd4 Nb3+ 54. Kc3 Nc5 55. Nc6 Kd5 56. Nxa7 Ne4+ 57. Kc2 Nf2 58. Nc8 Kc5 59. Ne7 Nxg4 60. Nf5 Kxb5 61. Nd4+ Kc4 62. Ne6 Ne5 63. Nxg5 b5 64. Ne4 b4 65. Nd2+ Kc5 66. Kb3 Kb5 67. Ne4 Nd7 68. Nd6+ Kc5 69. Nb7+ Kb5 70. Nd6+ Kc5 71. Nb7+ Kb5 72. Nd6+ 1/2-1/2


[Site "https://www.chess.com"]

[Event "Titled Tuesday Blitz June 28 Late 2022"]
[White "Wang, Isaac"]
[Black "Vivas Zamora, Fabian Ernesto"]
[WhiteFideId "30977185"]
[BlackFideId "3902480"]
[WhiteElo "2337"]
[BlackElo "2014"]
[Result "1/2-1/2"]
[Round "10"]
[TimeControl "180+1"]
[Date "2022.06.29"]
[WhiteClock "0:01:01"]
[BlackClock "0:00:06"]

1. d4 Nf6 2. c4 g6 3. Nc3 d5 4. Bf4 Bg7 5. e3 O-O 6. cxd5 Nxd5 7. Nxd5 Qxd5 8. Bxc7 Na6 9. Bxa6 Qxg2 10. Qf3 Qxf3 11. Nxf3 bxa6 12. Rg1 Bb7 13. Ke2 Rfc8 14. Rac1 f6 15. Rc3 Kf7 16. Rgc1 Ke6 17. Bf4 Rxc3 18. Rxc3 Rc8 19. Rxc8 Bxc8 20. Bb8 Kd5 21. Kd3 Bf5+ 22. Kc3 e5 23. Bxa7 Bf8 24. Nd2 a5 25. a3 Bd6 26. f3 exd4+ 27. Bxd4 Bh3 28. Bxf6 Bxh2 29. e4+ Ke6 30. Bd4 h5 31. Kd3 h4 32. Ke3 Bg1+ 33. Kd3 Bxd4 34. Kxd4 Bg2 35. Ke3 g5 36. b4 h3 37. Kf2 axb4 38. axb4 Ke5 39. Kg3 Kd4 40. Nb3+ Kc3 41. Nc5 Kxb4 42. Ne6 g4 43. fxg4 Kc4 44. Nf4 Bxe4 45. Nxh3 Kd5 46. Kf4 Bb1 47. g5 Ke6 48. Nf2 Kf7 49. Ng4 Kg7 50. Ke5 Bc2 51. Ne3 Bb1 52. Nd5 Kg6 53. Kf4 Bc2 54. Ne7+ Kg7 55. Nf5+ Bxf5 56. Kxf5 Kf7 57. g6+ Kg7 58. Kg5 Kg8 59. Kf6 Kf8 60. g7+ Kg8 61. Kg6 1/2-1/2


[Site "https://www.chess.com"]

[Event "Titled Tuesday Blitz June 28 Late 2022"]
[White "Xiong, Jeffery"]
[Black "Martinez Alcantara, Jose Eduardo"]
[WhiteFideId "2047640"]
[BlackFideId "3805662"]
[WhiteElo "2714"]
[BlackElo "2703"]
[Result "0-1"]
[Round "10"]
[TimeControl "180+1"]
[Date "2022.06.28"]
[WhiteClock "0:00:04"]
[BlackClock "0:00:04"]

1. d4 Nf6 2. Nf3 e6 3. Bf4 b6 4. e3 Bb7 5. Bd3 g6 6. h3 Bg7 7. O-O O-O 8. Bh2 d6 9. Re1 Nbd7 10. e4 e5 11. c3 Re8 12. Nbd2 a5 13. a4 Qe7 14. Bb5 Red8 15. Qc2 Rac8 16. Rad1 Nh5 17. Bf1 Nhf6 18. Bd3 h6 19. Nc4 Nh5 20. Qb3 Ba8 21. Ne3 Nhf6 22. Nd5 Nxd5 23. exd5 Kh7 24. Ba6 Rb8 25. dxe5 dxe5 26. Bb5 Nc5 27. Qc4 f6 28. b4 Nb7 29. Qh4 Qf8 30. Bd3 Nd6 31. Bb1 axb4 32. cxb4 Re8 33. g4 e4 34. Bxd6 Qxd6 35. Bxe4 Qf4 36. Bxg6+ Kxg6 37. Rxe8 Rxe8 38. Qh5+ Kh7 39. Qxe8 Qxf3 40. Qxa8 Qxd1+ 41. Kg2 Qc2 42. a5 bxa5 43. bxa5 Qe4+ 44. Kg1 f5 45. Qc8 Qe1+ 46. Kg2 Qe4+ 47. Kg1 Qxd5 48. Qxf5+ Qxf5 49. gxf5 Bd4 50. Kg2 Kg7 51. Kf3 Kf6 52. Ke4 Bxf2 53. Kd5 Kxf5 54. Kc6 h5 55. Kxc7 h4 56. Kd6 Kf4 57. Kd5 Ba7 58. a6 Kf3 59. Ke5 Kg3 60. Ke4 Bb6 0-1


[Site "https://www.chess.com"]

[Event "Titled Tuesday Blitz June 28 Late 2022"]
[White "Xu, Yi"]
[Black "Hua, Lefong"]
[WhiteFideId "8605564"]
[BlackFideId "2602253"]
[WhiteElo "2471"]
[BlackElo "2622"]
[Result "1-0"]
[Round "10"]
[TimeControl "180+1"]
[Date "2022.06.28"]
[WhiteClock "0:00:12"]
[BlackClock "0:00:02"]

1. e4 c5 2. Nf3 g6 3. c3 Nc6 4. d4 d5 5. e5 cxd4 6. cxd4 Bg4 7. Bb5 Qb6 8. Nc3 e6 9. O-O Nh6 10. h3 Bxf3 11. Qxf3 Nf5 12. Be3 Bg7 13. Bxc6+ Qxc6 14. Rac1 Qd7 15. Ne2 Nxe3 16. Qxe3 O-O 17. Rc3 Rfc8 18. Rfc1 h5 19. f4 Bf8 20. a3 b6 21. g4 hxg4 22. hxg4 Qd8 23. g5 Qd7 24. Ng3 b5 25. Nf1 a5 26. Nh2 b4 27. Ng4 Be7 28. axb4 axb4 29. Rxc8+ Rxc8 30. Kf2 Rxc1 31. Qxc1 Qa7 32. Ke3 Qb7 33. Nf6+ Bxf6 34. exf6 b3 35. Qc5 Qb8 36. Qc6 Kh7 37. Qd7 Kg8 38. Kd3 Qa8 39. Kc3 Qa5+ 40. Kxb3 Qb6+ 41. Kc3 Qa5+ 42. Kc2 Qe1 43. Qe8+ Kh7 44. Qxf7+ Kh8 45. Qg7# 1-0


[Site "https://www.chess.com"]

[Event "Titled Tuesday Blitz June 28 Late 2022"]
[White "Yuan, Qingyu"]
[Black "Popilski, Gil"]
[WhiteFideId "8609772"]
[BlackFideId "2809060"]
[WhiteElo "2359"]
[BlackElo "2537"]
[Result "1-0"]
[Round "10"]
[TimeControl "180+1"]
[Date "2022.06.28"]
[WhiteClock "0:00:06"]
[BlackClock "0:00:03"]

1. e4 c5 2. Nf3 d6 3. Bb5+ Nd7 4. c4 Nf6 5. Nc3 g6 6. h3 Bg7 7. d3 O-O 8. Ba4 b6 9. O-O Bb7 10. Bf4 Ne8 11. Qd2 Nc7 12. a3 Ne6 13. Bh6 f5 14. Bxg7 Kxg7 15. Rae1 fxe4 16. Nxe4 Rxf3 17. Bxd7 Qxd7 18. gxf3 Nd4 19. Kg2 Rf8 20. Re3 Qf5 21. Qd1 Bc8 22. Rh1 Ne6 23. h4 Nf4+ 24. Kf1 Kh8 25. Qd2 Qe5 26. Qc3 Qxc3 27. bxc3 Ba6 28. Nd2 e5 29. Ke1 Ng2+ 30. Ke2 Nxe3 31. fxe3 Bb7 32. Rg1 Bc6 33. Rg3 Rf5 34. Rg5 Kg7 35. Rxf5 gxf5 36. f4 Kg6 37. Kf2 Kh5 38. Kg3 h6 39. Nf1 e4 40. d4 Ba4 41. Kh3 Bd1 42. Ng3+ Kg6 43. Nf1 Be2 44. Nd2 Kh5 45. Kg3 a5 46. Kh3 a4 47. Kg3 Kg6 48. Kh3 Kf6 49. Kg3 Ke6 50. Kf2 Bd3 51. Kg3 h5 52. Kf2 Kd7 53. Ke1 Kc6 54. Kd1 d5 55. cxd5+ Kxd5 56. Kc1 b5 57. Kb2 cxd4 58. cxd4 b4 59. axb4 Kc6 60. Nb1 Bxb1 61. Kxb1 Kb5 62. d5 Kb6 63. Kb2 Kc7 64. b5 Kd6 65. b6 Kxd5 66. b7 a3+ 67. Kxa3 1-0


[Site "https://www.chess.com"]

[Event "Titled Tuesday Blitz June 28 Late 2022"]
[White "Yurasova, Daria"]
[Black "Kohler, Aran"]
[WhiteFideId "34146919"]
[BlackFideId "1002856"]
[WhiteElo "2021"]
[BlackElo "2275"]
[Result "0-1"]
[Round "10"]
[TimeControl "180+1"]
[Date "2022.06.29"]
[WhiteClock "0:01:03"]
[BlackClock "0:00:31"]

1. e4 e5 2. Nf3 Nc6 3. Bc4 Nf6 4. Nc3 Be7 5. d3 O-O 6. a3 h6 7. Ba2 d6 8. h3 Be6 9. g4 Bxa2 10. Rxa2 Nh7 11. Nd5 Bh4 12. b4 Rc8 13. c4 Nd4 14. Nxd4 exd4 15. Qf3 c6 16. Nf4 Ng5 17. Qg2 Re8 18. Kd1 a5 19. Nh5 axb4 20. axb4 g6 21. Ng3 Ra8 22. Rxa8 Qxa8 23. f4 Qa4+ 24. Ke2 Qc2+ 25. Bd2 Nxe4 26. Nxe4 d5 27. Rc1 Qa2 28. cxd5 cxd5 29. Qf3 dxe4 30. dxe4 Qa6+ 31. Kd1 d3 32. Bc3 Be7 33. Qe3 Qa4+ 34. Ke1 Bxb4 35. Bxb4 Qxb4+ 36. Qd2 Qxe4+ 0-1


[Site "https://www.chess.com"]

[Event "Titled Tuesday Blitz June 28 Late 2022"]
[White "Zhigalko, Sergei"]
[Black "Sargsyan, Anna M."]
[WhiteFideId "13502956"]
[BlackFideId "13308130"]
[WhiteElo "2662"]
[BlackElo "2271"]
[Result "1-0"]
[Round "10"]
[TimeControl "180+1"]
[Date "2022.06.28"]
[WhiteClock "0:00:02"]
[BlackClock "0:00:02"]

1. e4 c6 2. d4 d5 3. e5 Bf5 4. Nf3 e6 5. Be2 Nd7 6. O-O h6 7. Nbd2 Ne7 8. a4 Qc7 9. a5 a6 10. c4 dxc4 11. Nxc4 Nd5 12. Bd2 Be7 13. Rc1 O-O 14. Qb3 Rad8 15. h3 Qb8 16. Bd3 Bxd3 17. Qxd3 c5 18. Qe4 cxd4 19. Nxd4 Nc5 20. Qg4 Kh8 21. Qh5 Kh7 22. Qf3 Nd7 23. Qe4+ Kh8 24. Rfd1 Rc8 25. Qe2 Rc7 26. b3 Nc5 27. Qf3 Kg8 28. Re1 Rd8 29. Rcd1 Qc8 30. Nd6 Bxd6 31. exd6 Rxd6 32. Qg3 Qd8 33. Bxh6 f6 34. Qg6 Nb4 35. Rc1 Rxd4 36. Rxc5 Rd1 37. Rc1 Rxe1+ 38. Rxe1 e5 39. Re4 Qd1+ 40. Kh2 Nd5 41. Rg4 1-0


[Site "https://www.chess.com"]

[Event "Titled Tuesday Blitz June 28 Late 2022"]
[White "Adewumi, Tanitoluwa"]
[Black "Chen, Max"]
[WhiteFideId "30966396"]
[BlackFideId "2622440"]
[WhiteElo "2633"]
[BlackElo "2471"]
[Result "1-0"]
[Round "11"]
[TimeControl "180+1"]
[Date "2022.06.28"]
[WhiteClock "0:00:07"]
[BlackClock "0:00:03"]

1. e4 c5 2. Nf3 d6 3. Bb5+ Nd7 4. c3 Nf6 5. Bd3 e6 6. Bc2 c4 7. Qe2 Qc7 8. b3 cxb3 9. axb3 Be7 10. O-O O-O 11. d4 b6 12. Bb2 Bb7 13. Nbd2 a5 14. Rfe1 Ba6 15. Qe3 b5 16. e5 Nd5 17. Qe4 g6 18. Rac1 Nxc3 19. Qg4 b4 20. Ne4 Ne2+ 21. Rxe2 Bxe2 22. exd6 Bxd6 23. d5 Ne5 24. Nf6+ Kg7 25. Qh4 Bxf3 26. Bxg6 hxg6 27. Rxc7 Bxc7 28. Nd7 Rh8 29. Qf6+ Kg8 30. Bxe5 Bxe5 31. Nxe5 Rf8 32. gxf3 exd5 33. Nxg6 Rh6 34. Ne7+ Kh7 35. Qf5+ Kh8 36. Qe5+ f6 37. Qxd5 Kh7 38. Qf5+ Kh8 39. h4 Rf7 40. Ng6+ Rxg6+ 41. Kf1 Rfg7 42. h5 Rg1+ 43. Ke2 R1g5 44. Qc8+ Kh7 45. h6 Kxh6 46. Qh8+ Kg6 47. f4 Rf5 48. Kf3 Rc5 49. Qe8+ Kh6 50. Qh8+ Kg6 51. Kg4 f5+ 52. Kg3 Rc3+ 53. f3 Rgc7 54. Qg8+ Kf6 55. Qg5+ Ke6 56. Qg6+ Ke7 57. Qg7+ Ke6 58. Qe5+ Kd7 59. Qxf5+ Kd8 60. Qf8+ Kd7 61. Qf5+ Kd8 62. Qd5+ Kc8 63. Qa8+ Kd7 64. Qxa5 R3c5 65. Qa4+ R5c6 66. Qxb4 Kc8 67. f5 Rf6 68. Qe4 Rcc6 69. Kf4 Kb7 70. Kg5 Ka7 71. Qe7+ Kb6 72. Qxf6 1-0


[Site "https://www.chess.com"]

[Event "Titled Tuesday Blitz June 28 Late 2022"]
[White "Aggelis, Nikolaos"]
[Black "Martinez, Shawn"]
[WhiteFideId "4213220"]
[BlackFideId "2039770"]
[WhiteElo "2154"]
[BlackElo "2174"]
[Result "1-0"]
[Round "11"]
[TimeControl "180+1"]
[Date "2022.06.29"]
[WhiteClock "0:00:07"]
[BlackClock "0:00:02"]

1. d4 g6 2. e4 Bg7 3. Nc3 a6 4. a4 b6 5. Be3 Bb7 6. Qd2 h6 7. O-O-O d6 8. f4 Nd7 9. e5 e6 10. h4 Ne7 11. h5 O-O 12. hxg6 fxg6 13. Bd3 Qe8 14. f5 Nxf5 15. Bxf5 exf5 16. Bxh6 Qe7 17. Nf3 dxe5 18. d5 b5 19. Ng5 Nc5 20. Bxg7 Qxg7 21. Rh7 Qf6 22. Rdh1 b4 23. Qe3 bxc3 24. Rh8+ Qxh8 25. Rxh8+ Kxh8 26. Qxe5+ Kg8 27. Qxc7 Rf6 28. Qxc5 Rd8 29. Qe7 cxb2+ 30. Kb1 Rxd5 31. Qxf6 Rd1+ 32. Kxb2 Bd5 33. Qd8+ Kg7 34. Qe7+ Kh6 35. Nf7+ Kg7 36. Ne5+ Kh6 37. Qh4+ Kg7 38. Qg5 Bf7 39. Nxf7 Kxf7 40. Qf4 Rd7 41. Qc4+ Kg7 42. Qxa6 Rd2 43. Qb5 Kh6 44. a5 Rxg2 45. a6 f4 46. a7 f3 47. a8=Q Rg3 48. Qd3 Rh3 49. Qe3+ g5 50. Qh8+ Kg6 51. Qxh3 1-0


[Site "https://www.chess.com"]

[Event "Titled Tuesday Blitz June 28 Late 2022"]
[White "Ambartsumova, Karina"]
[Black "Le Hetet, Nicolas"]
[WhiteFideId "4166299"]
[BlackFideId "634824"]
[WhiteElo "2262"]
[BlackElo "2350"]
[Result "1-0"]
[Round "11"]
[TimeControl "180+1"]
[Date "2022.06.29"]
[WhiteClock "0:00:23"]
[BlackClock "0:00:02"]

1. Nf3 d5 2. d4 Nf6 3. c4 c6 4. g3 e6 5. Bg2 Be7 6. O-O O-O 7. Qd3 b6 8. Nbd2 Bb7 9. b3 c5 10. Bb2 Nc6 11. cxd5 Nb4 12. Qb1 exd5 13. a3 Nc6 14. Qa2 Re8 15. Rfe1 a5 16. Rad1 a4 17. dxc5 bxc5 18. bxa4 Rxa4 19. Qb3 Qa8 20. e3 c4 21. Qc2 Bxa3 22. Bxf6 gxf6 23. Qf5 Bb2 24. Nh4 Ne7 25. Qg4+ Ng6 26. Nf5 c3 27. Qh5 Re5 28. Nf3 Rxf5 29. Qxf5 Ra5 30. Nd4 Qc8 31. Qc2 Ne5 32. Rb1 Nc4 33. Red1 1-0


[Site "https://www.chess.com"]

[Event "Titled Tuesday Blitz June 28 Late 2022"]
[White "Barria Zuniga, Daniel"]
[Black "Hansen, Eric"]
[WhiteFideId "3400816"]
[BlackFideId "2606771"]
[WhiteElo "2592"]
[BlackElo "2886"]
[Result "0-1"]
[Round "11"]
[TimeControl "180+1"]
[Date "2022.06.28"]
[WhiteClock "0:00:02"]
[BlackClock "0:01:08"]

1. d4 g6 2. c4 Bg7 3. Nc3 b6 4. e4 Bb7 5. Nf3 d6 6. Be2 e6 7. O-O Nd7 8. Qc2 Ne7 9. Rd1 h6 10. Be3 g5 11. c5 a6 12. Rac1 O-O 13. b4 Nf6 14. a4 Ng6 15. b5 Ng4 16. Bd2 axb5 17. axb5 Nxf2 18. Kxf2 g4 19. c6 gxf3 20. Kxf3 Qf6+ 21. Kg3 Qh4+ 22. Kf3 Bxd4 23. g3 Qxh2 24. Be3 Nh4+ 25. gxh4 Qh3+ 26. Kf2 Bxe3+ 0-1


[Site "https://www.chess.com"]

[Event "Titled Tuesday Blitz June 28 Late 2022"]
[White "Bjelobrk, Igor"]
[Black "Ibarra Jerez, Jose Carlos"]
[WhiteFideId "4300726"]
[BlackFideId "2226332"]
[WhiteElo "2644"]
[BlackElo "2903"]
[Result "1-0"]
[Round "11"]
[TimeControl "180+1"]
[Date "2022.06.28"]
[WhiteClock "0:00:25"]
[BlackClock "0:00:03"]

1. Nf3 d5 2. c4 d4 3. g3 Nc6 4. b4 Nxb4 5. Qa4+ Nc6 6. Ne5 Bd7 7. Nxd7 Qxd7 8. Na3 e5 9. Rb1 Nd8 10. Qa5 c5 11. Bg2 Nf6 12. d3 Bd6 13. O-O O-O 14. Nb5 Nc6 15. Qa4 Bb8 16. Bg5 Ne8 17. Rb3 a6 18. Rfb1 h6 19. Bd2 e4 20. Bxe4 Ne5 21. Qa3 Nf6 22. Bg2 Qf5 23. Bxb7 axb5 24. Bxa8 b4 25. Qc1 Neg4 26. Qf1 Bxg3 27. hxg3 Rxa8 28. a3 bxa3 29. Ra1 Qh5 30. Qg2 Re8 31. Re1 a2 32. Ra3 Kh7 33. Rxa2 Re5 34. Ra7 Qg6 35. Bf4 Rh5 36. Qb7 Qf5 37. Qxf7 Rh1+ 38. Kxh1 Qh5+ 39. Qxh5 Nxh5 40. Kg2 1-0


[Site "https://www.chess.com"]

[Event "Titled Tuesday Blitz June 28 Late 2022"]
[White "Bobadilla Viera, Jorge Samuel"]
[Black "Samsonkin, Artiom"]
[WhiteFideId "3906353"]
[BlackFideId "13503111"]
[WhiteElo "2527"]
[BlackElo "2694"]
[Result "0-1"]
[Round "11"]
[TimeControl "180+1"]
[Date "2022.06.28"]
[WhiteClock "0:01:20"]
[BlackClock "0:00:07"]

1. e4 d5 2. exd5 Qxd5 3. Nc3 Qa5 4. d4 Nf6 5. Nf3 Bg4 6. h3 Bxf3 7. Qxf3 c6 8. Bc4 e6 9. O-O Nbd7 10. Bf4 Be7 11. Rfe1 O-O 12. a3 Qb6 13. Rad1 Qxb2 14. Rb1 Qxa3 15. Ra1 Qb4 16. Ra4 Qb6 17. Rb1 Qd8 18. Rxb7 Nb6 19. Bc7 Qc8 20. Bxb6 Qxb7 21. Bc5 Bxc5 22. dxc5 Rfd8 23. g3 h6 24. Qe3 a5 25. Qe5 Qb2 26. Bd3 Rd5 27. Qe1 Rxc5 28. Ne4 Nxe4 29. Qxe4 g6 30. Qe3 Rh5 31. g4 Rg5 32. f4 Rd5 33. f5 exf5 34. Qxh6 Qb1+ 35. Kh2 Rxd3 36. gxf5 Qxc2+ 0-1


[Site "https://www.chess.com"]

[Event "Titled Tuesday Blitz June 28 Late 2022"]
[White "Bolourchifard, Farzad"]
[Black "Hoffmann, Asa"]
[WhiteFideId "12510084"]
[BlackFideId "2001470"]
[WhiteElo "2610"]
[BlackElo "2409"]
[Result "1-0"]
[Round "11"]
[TimeControl "180+1"]
[Date "2022.06.28"]
[WhiteClock "0:00:38"]
[BlackClock "0:01:23"]

1. e4 d6 2. Nc3 c6 3. g3 g6 4. Bg2 Bg7 5. d4 e5 6. dxe5 dxe5 7. Qxd8+ Kxd8 8. Bg5+ f6 9. Be3 Be6 10. O-O-O+ Kc7 11. Bc5 Nh6 12. Bd6+ Kc8 13. Bh3 Bxh3 14. Nxh3 Nd7 15. f4 Ng4 16. Rd2 b5 17. Nd1 Nb6 18. b3 Rd8 19. Nhf2 Nxf2 20. Nxf2 Kb7 21. Rf1 Rd7 22. Bb4 a5 23. Bc5 Rad8 24. Rxd7+ Rxd7 25. fxe5 fxe5 26. Nd3 b4 27. Kd2 Nc8 28. Ke2 Ka6 29. Bf8 Bh8 30. Nc5+ 1-0


[Site "https://www.chess.com"]